Map: [ESL] Cosmic Sapphire

Players

ShoWTimE

  • Race: Protoss Protoss
  • Spawn Location: 11:00

Clem - Winner!

  • Race: Terran Terran
  • Spawn Location: 5:00

Event: DreamHack SC2 Masters 2022 Atlanta (Online)

VOD

Have the link to the VOD?

Description

Time

  • Played on: Oct. 15, 2022, 2:13 p.m.
  • Length: 6:00

All games in this series

Show
View Real Time Build Order
Export as new Build Order

ShoWTimE Protoss 

Build Orders: 1 Gate Expand, Blink Stalkers 

Get SALT Encoding   

  12  0:00  Probe  
  13  0:12  Probe  
  14  0:17  Pylon  
  14  0:24  Probe (Chrono Boost)  
  15  0:36  Probe (Chrono Boost)  
  15  0:37  Gateway  
  16  0:44  Probe (Chrono Boost)  
  16  0:46  Assimilator  
  17  0:50  Probe  
  18  1:03  Probe  
  19  1:15  Probe  
  20  1:23  Nexus  
  20  1:34  Cybernetics Core  
  20  1:36  Probe  
  21  1:41  Assimilator  
  21  1:48  Probe  
  21  1:51  Pylon  
  22  2:00  Probe  
  23  2:07  Adept (Chrono Boost)  
  23  2:10  Warp Gate  
  23  2:12  Probe  
  26  2:22  Twilight Council  
  26  2:24  Probe, Stalker (Chrono Boost)  
  28  2:39  Probe (Chrono Boost)  
  28  2:43  Probe (Chrono Boost)  
  30  2:49  Probe (Chrono Boost)  
  32  2:52  Probe (Chrono Boost)  
  32  2:54  Probe (Chrono Boost), Blink (Chrono Boost)  
  33  3:02  Probe  
  34  3:06  Probe  
  34  3:09  Stalker  
  37  3:14  Probe  
  37  3:18  Probe  
  39  3:22  Gateway  
  39  3:26  Probe  
  40  3:30  Probe  
  40  3:32  Robotics Facility  
  41  3:38  Probe  
  42  3:42  Probe  
  43  3:50  Probe, Pylon  
  44  3:57  Nexus  
  44  4:02  Stalker  
  44  4:04  Pylon  
  44  4:08  Probe  
  44  4:09  Probe (Chrono Boost)  
  48  4:17  Stalker  
  46  4:20  Probe (Chrono Boost)  
  39  4:27  Probe (Chrono Boost)  
  37  4:37  Probe x2 (Chrono Boost)  
  33  4:44  Stalker  
  34  4:46  Observer  
  34  4:49  Probe (Chrono Boost)  
  34  4:52  Probe (Chrono Boost)  
  37  4:54  Probe (Chrono Boost)  
  37  4:58  Stalker  
  37  4:59  Probe  
  41  5:03  Probe  
  42  5:11  Probe  
  43  5:15  Probe (Chrono Boost)  
  43  5:20  Dark Shrine  
  43  5:21  Probe (Chrono Boost)  
  45  5:27  Probe (Chrono Boost)  
  45  5:31  Probe (Chrono Boost)  
  45  5:32  Probe (Chrono Boost)  
  47  5:35  Probe (Chrono Boost)  
  47  5:37  Probe (Chrono Boost)  
  47  5:38  Probe (Chrono Boost)  
  47  5:41  Probe  
  49  5:47  Probe  
Show
View Real Time Build Order
Export as new Build Order

Clem Terran - Winner!

Build Orders: Reaper Expand 

Get SALT Encoding   

  12  0:00  SCV  
  13  0:12  SCV  
  14  0:16  Supply Depot  
  14  0:24  SCV  
  15  0:38  SCV  
  15  0:39  Barracks  
  15  0:42  Refinery  
  16  0:50  SCV  
  17  1:02  SCV  
  18  1:14  SCV  
  19  1:26  Reaper, Orbital Command  
  20  1:43  Command Center  
  20  1:49  Supply Depot  
  20  1:52  SCV  
  21  1:58  Marine  
  22  2:05  SCV  
  23  2:10  Factory  
  23  2:17  SCV  
  23  2:19  Barracks Reactor  
  24  2:24  Refinery  
  24  2:29  SCV  
  25  2:41  SCV  
  26  2:56  SCV, Orbital Command  
  26  2:58  Starport  
  27  3:03  Hellion x2  
  27  3:05  Barracks Tech Lab  
  31  3:09  SCV  
  32  3:21  SCV  
  32  3:22  SCV  
  32  3:24  Supply Depot  
  32  3:25  Hellion x2  
  38  3:33  SCV  
  38  3:34  SCV, Medivac  
  42  3:38  Barracks  
  42  3:45  SCV  
  42  3:46  Supply Depot, SCV  
  44  3:53  Marine x2  
  46  3:57  SCV, Siege Tank  
  46  3:59  SCV  
  51  4:09  Barracks, SCV  
  52  4:11  SCV, Marine  
  52  4:15  Marine  
  55  4:21  SCV  
  55  4:23  SCV  
  54  4:27  Marine  
  54  4:28  Engineering Bay, Refinery  
  54  4:29  Marine  
  56  4:33  SCV, Marine  
  56  4:35  SCV  
  55  4:40  Siege Tank  
  55  4:45  SCV, Barracks Tech Lab  
  54  4:47  SCV  
  54  4:49  Refinery  
  56  4:53  Supply Depot  
  56  4:54  Marine  
  56  4:55  Marine  
  56  4:56  Barracks Tech Lab  
  56  4:57  SCV  
  56  4:59  SCV  
  60  5:04  Marine  
  61  5:07  Supply Depot  
  61  5:10  SCV  
  62  5:15  SCV, Siege Tank, Marine x3  
  62  5:18  Supply Depot  
  67  5:22  SCV, Starport Reactor  
  67  5:25  Marauder  
  70  5:30  Missile Turret  
  70  5:33  Marauder  
  70  5:35  Marine x2  
  75  5:40  Supply Depot  
  75  5:41  Supply Depot  
  76  5:52  Command Center  
Tags
 
Add a new tag
Caveats
  • Supply blocks, unpowered buildings, or Contaminate may cause inaccurate times.
  • Supply counts are checked every 10 seconds.